 Dungeon Crawl Stone Soup version 0.27.0-1-g7a089689b8 (webtiles) character file.

Game seed: 2315021205425399400

867 sasquatch the Cleaver (level 7, -6/57 HPs)
             Began as a Minotaur Berserker on Aug 6, 2021.
             Was a Believer of Trog.
             Mangled by a vampire mosquito (8 damage)
             ... on level 7 of the Dungeon.
             The game lasted 00:03:16 (1688 turns).

sasquatch the Cleaver (Minotaur Berserker)          Turns: 1688, Time: 00:03:17

Health: -6/57      AC:  6    Str: 23    XL:     7   Next: 73%
Magic:  15/15      EV: 10    Int:  4    God:    Trog [**....]
Gold:   51         SH:  0    Dex: 10    Spells: 6/6 levels left

rFire    . . .     SeeInvis .   o - +0 war axe
rCold    . . .     Faith    .   (no shield)
rNeg     . . .     Spirit   .   i - +0 scale mail
rPois    .         Reflect  .   (helmet restricted)
rElec    .         Harm     .   (no cloak)
rCorr    .         Rampage  .   (no gloves)
Will     .....                  (no boots)
Stlth    ..........             (no amulet)
HPRegen  0.19/turn              g - ring of magical power
MPRegen  0.14/turn              (no ring)

@: on berserk cooldown, slowed, very slow
A: horns 2, retaliatory headbutt
a: Renounce Religion, Berserk, Trog's Hand


You were on level 7 of the Dungeon.
You worshipped Trog.
Trog was pleased with you.
You visited 1 branch of the dungeon, and saw 7 of its levels.

You collected 123 gold pieces.
You spent 72 gold pieces at shops.

Inventory:

Hand Weapons
 o - a +0 war axe (weapon)
Missiles
 j - 6 curare-tipped darts (quivered)
 p - 2 throwing nets
Armour
 i - a +0 scale mail (worn)
Jewellery
 g - a ring of magical power (left hand)
Scrolls
 b - a scroll of enchant armour {unknown}
 d - a scroll of identify {unknown}
 h - a scroll of amnesia {unknown}
 k - a scroll of immolation {unknown}
 m - a scroll of teleportation
 n - a scroll of silence {unknown}
 q - a scroll of noise {unknown}
Potions
 a - a potion of resistance {unknown}
 c - a potion of degeneration {unknown}
 e - a potion of lignification {unknown}
 f - a potion of heal wounds {unknown}
 l - a potion of curing


   Skills:
 - Level 3.6 Fighting
 + Level 11.0 Axes
 - Level 2.4 Armour
 - Level 2.1 Dodging


You had 6 spell levels left.
You didn't know any spells.
Your spell library was empty.

Dungeon Overview and Level Annotations

Branches:
Dungeon (7/15)             Temple (0/1) D:7

Altars:

Shops:
D:6 *

Annotations:
D:7 SkeletonJelly's ghost, novice MiMo


Innate Abilities, Weirdness & Mutations

You have a pair of horns on your head.
You reflexively headbutt those who attack you in melee.


Message History

The vampire mosquito is lightly damaged.
You slash the vampire mosquito! The vampire mosquito bites you.
The vampire mosquito draws strength from your injuries!
The vampire mosquito closely misses you.
The vampire mosquito bites you.
The vampire mosquito draws strength from your injuries!
You closely miss the vampire mosquito.
The vampire mosquito is moderately damaged.
You closely miss the vampire mosquito.
You are no longer berserk.
You are exhausted.
You feel yourself slow down. The vampire mosquito bites you.
The vampire mosquito draws strength from your injuries!
The vampire mosquito bites you!
The vampire mosquito draws strength from your injuries!
The vampire mosquito misses you.
You closely miss the vampire mosquito. You headbutt the vampire mosquito!
The vampire mosquito is heavily damaged.
You hit the phantom but do no damage. You closely miss the vampire mosquito.
The vampire mosquito bites you but does no damage. x2
The vampire mosquito bites you.
The vampire mosquito draws strength from your injuries!
The vampire mosquito bites you!
* * * LOW HITPOINT WARNING * * *
The vampire mosquito draws strength from your injuries!
The phantom barely misses you.
The vampire mosquito bites you but does no damage.
The vampire mosquito closely misses you.
You furiously retaliate!
You headbutt the vampire mosquito. You barely miss the vampire mosquito.
The vampire mosquito is moderately damaged.
You hit the phantom but do no damage. You barely miss the vampire mosquito.
The vampire mosquito bites you but does no damage.
The vampire mosquito bites you!
* * * LOW HITPOINT WARNING * * *
The vampire mosquito draws strength from your injuries!
The phantom hits you!
* * * LOW HITPOINT WARNING * * *
The vampire mosquito bites you!
You die...

#..... .... .... ....5###
#...##...##.# .WYY..
....##...##.## ####
#.............#
###..#####..##...o>...^.#
...........# #..§.......
#####.###.## #.##...## ##
# #.##...###.##y5.##..##
# #....#...†.y@W........
# ####...#######..#...##
# ##.## ....<.... #...#
.#..#...#. #...#
#....##.## #...# # ..##
... ###.# ..# ##. .# >..#
.#


You could see a phantom, 2 vampire mosquitoes, a shadow imp and an orc.

Vanquished Creatures
  A water moccasin (D:7)
  A sky beast (D:6)
  An ice beast (D:6)
  An ogre (D:4)
  A necrophage (D:7)
  A bullfrog (D:7)
  A howler monkey (D:7)
  An orc priest (D:6)
  A hound (D:6)
  A bullfrog skeleton (D:6)
  3 iguanas
  An orc wizard (D:6)
  A killer bee zombie (D:6)
  A howler monkey zombie (D:6)
  4 gnolls (D:6)
  An adder (D:6)
  A shadow imp (D:6)
  2 worms
  2 dart slugs
  7 orcs (D:6)
  3 endoplasms
  A giant cockroach (D:3)
  2 goblins
  A hobgoblin (D:1)
  2 quokkas
  A ball python (D:4)
  A frilled lizard (D:1)
  2 kobolds
  2 rats (D:1)
48 creatures vanquished.

Notes
Turn   | Place    | Note
-------+----------+-------------------------------------------
     0 | D:1      | sasquatch the Minotaur Berserker began the quest for the
                  | Orb.
     0 | D:1      | Reached XP level 1. HP: 19/19 MP: 0/0
    44 | D:1      | Reached skill level 4 in Axes
   150 | D:1      | Reached XP level 2. HP: 26/26 MP: 1/1
   656 | D:4      | Reached skill level 5 in Axes
   656 | D:4      | Reached XP level 3. HP: 31/31 MP: 2/2
   778 | D:4      | Noticed an ogre
   787 | D:4      | Killed an ogre
   788 | D:4      | Reached skill level 6 in Axes
   788 | D:4      | Reached XP level 4. HP: 39/39 MP: 3/3
   872 | D:5      | Entered Level 5 of the Dungeon
   905 | D:6      | Reached XP level 5. HP: 45/45 MP: 4/4
   906 | D:6      | Reached ** piety under Trog
   907 | D:6      | Reached skill level 7 in Axes
   956 | D:6      | Noticed a sky beast
   964 | D:6      | Reached skill level 8 in Axes
   967 | D:6      | Reached XP level 6. HP: 51/51 MP: 5/5
   967 | D:6      | Killed a sky beast
  1073 | D:6      | Identified the +1 spear of Gozag's Delight {holy, Str+5}
  1082 | D:6      | Reached skill level 9 in Axes
  1150 | D:6      | Noticed an ice beast
  1161 | D:6      | Killed an ice beast
  1162 | D:6      | Reached XP level 7. HP: 38/57 MP: 6/6
  1451 | D:6      | Found Essarro's General Store.
  1458 | D:6      | Bought a potion of curing for 36 gold pieces
  1458 | D:6      | Bought a scroll of teleportation for 36 gold pieces
  1579 | D:7      | Noticed SkeletonJelly's ghost (novice MiMo)
  1604 | D:7      | Reached skill level 10 in Axes
  1658 | D:7      | Found a staircase to the Ecumenical Temple.
  1678 | D:7      | Noticed a vampire mosquito
  1679 | D:7      | Noticed a vampire mosquito
  1683 | D:7      | Reached skill level 11 in Axes
  1688 | D:7      | HP: 2/57 [phantom (8)]
  1688 | D:7      | Mangled by a vampire mosquito

Illustrated notes

Levels and vault maps discovered:
D:1:      lightli_arrival_boilingwater, layout_loops_ring
D:2:      layout_loops_ring, serial_shops, nicolae_lakefront_shop,
          minmay_misc_feat_diagonals, minmay_goblin_outpost, uniq_jessica,
          uniq_sigmund
D:3:      layout_rooms, kennysheep_small_spiral, uniq_robin
D:4:      layout_basic, mainiacjoe_overflow_chevrons
D:5:      layout_loops_cross, serial_shops, shop_statue
D:6:      layout_rooms, serial_shops, shop_fountains
D:7:      layout_loops_ring, minmay_temple_entry_stoned_glass,
          gammafunk_ghost_icy

Skill      XL: |  1  2  3  4  5  6  7 |
---------------+----------------------+-----
Axes           | 4 5 6 8 9 11 | 11.0
Fighting       | |  3.6
Armour         | |  2.4
Dodging        | |  2.1

Action                   |  1- 3 |  4- 6 |  7- 9 || total
-------------------------+-------+-------+-------++-------
Melee: Hand axe          |    41 |    42 |    13 ||    96
       Headbutt          |     4 |     9 |     6 ||    19
       War axe           |       |       |    25 ||    25
Invok: Berserk           |     4 |     3 |     2 ||     9
Armor: Animal skin       |     3 |       |       ||     3
       Scale mail        |     1 |    13 |    10 ||    24
Dodge: Dodged            |    19 |    27 |    19 ||    65
